 Dungeon Crawl Stone Soup version 0.21.1-1-g345015f (webtiles) character file.

54 EtherFrog the Sneak (level 3, -2/18 HPs)
             Began as a Spriggan Assassin on Mar 17, 2018.
             Killed from afar by Sigmund (6 damage)
             ... with a magic dart
             ... on level 3 of the Dungeon.
             The game lasted 00:09:22 (2161 turns).

EtherFrog the Sneak (Spriggan Assassin)             Turns: 2161, Time: 00:09:22

Health: -2/18      AC:  3    Str:  7    XL:     3   Next: 66%
Magic:  4/4        EV: 18    Int: 12    God:
Gold:   85         SH:  0    Dex: 18    Spells: 2/2 levels left

rFire    . . .     SeeInvis +   b - +0 blowgun
rCold    + . .     Gourm    .   (shield restricted)
rNeg     . . .     Faith    .   c - +0 robe
rPois    .         Spirit   .   (helmet restricted)
rElec    .         Reflect  .   d - +0 cloak
rCorr    .         Harm     .   (gloves unavailable)
MR       .....                  (boots unavailable)
Stlth    ++++......             (no amulet)
HPRegen  0.06/turn              h - ring of protection from cold
MPRegen  0.09/turn              (no ring)

@: very quick
A: very small, unfitting armour, see invisible, herbivore, speed 3, slow
metabolism 2
a: no special abilities


You were on level 3 of the Dungeon.
You were not hungry.

You visited 1 branch of the dungeon, and saw 3 of its levels.

You collected 85 gold pieces.

Inventory:

Hand Weapons
 a - a +2 dagger
 b - a +0 blowgun (weapon)
 o - a +0 dagger
 r - a +0 vampiric dagger
Missiles
 e - 19 poisoned needles (quivered)
 f - 2 curare-tipped needles
 s - 20 sling bullets
Armour
 c - a +0 robe (worn)
 d - a +0 cloak (worn)
Jewellery
 h - a ring of protection from cold (left hand)
Scrolls
 j - 3 scrolls of identify {unknown}
 k - 3 scrolls of noise {unknown}
 m - 2 scrolls of amnesia {unknown}
Potions
 i - a potion of curing {unknown}
 l - 2 potions of heal wounds
 n - a potion of haste {unknown}
 p - a potion of flight {unknown}
 q - 2 potions of degeneration {unknown}
Comestibles
 g - 8 rations


   Skills:
 * Level 1.8 Fighting
 + Level 2.3 Short Blades
 * Level 2.6 Throwing
 * Level 2.3 Dodging
 * Level 7.1 Stealth


You had 2 spell levels left.
You didn't know any spells.

Dungeon Overview and Level Annotations

Branches:
Dungeon (3/15)

Altars:

Annotations:
D:3 Sigmund


Innate Abilities, Weirdness & Mutations

You are very small and have problems with some larger weapons.
You are too small for most types of armour.
You have supernaturally acute eyesight. (SInv)
You are a herbivore.
You cover ground extremely quickly.
You need consume almost no food.


Message History

You bump into the rock wall.
You bump into the rock wall.
Sigmund misses you.
You are too injured to fight recklessly!
Sigmund hits you but does no damage.
Sigmund points at you and mumbles some strange words.
The magic dart hits you!
* * * LOW HITPOINT WARNING * * *
Sigmund points at you and mumbles some strange words.
You are more confused.
Sigmund misses you. Sigmund completely misses you.
Sigmund hits you but does no damage.
You found a teleport trap!
You enter a teleport trap!
The teleport trap disappears.
Your surroundings seem slightly different.
You feel less confused. Sigmund misses you. Sigmund casts a spell at you.
The magic dart hits you!
You die...

#...................##.# #
.........[.#...@.#####.#.#
...####.......##.#####(..#
... #.......##.....(#..#
... #.......##......#@.#
.. #.......##......#(.# .
###.......##......#.>#
#...###'#.###......##.#
##.#. #.#.###@.....# .#
...#.# #.#.#........# .#
#.# #...##)#.#........#
#.###......#.#....#####
............#....###
#######..............
.....................#
###..................#
#..................#


You could see Sigmund.

Vanquished Creatures
  2 adders
  A dart slug (D:2)
  A leopard gecko (D:2)
  4 bats
  2 giant cockroaches
  2 goblins
  5 hobgoblins
  A quokka (D:2)
  A ball python (D:3)
  9 frilled lizards
  4 kobolds
  4 rats
36 creatures vanquished.

Notes
Turn   | Place    | Note
-------+----------+-------------------------------------------
     0 | D:1      | EtherFrog the Spriggan Assassin began the quest for the Orb.
     0 | D:1      | Reached XP level 1. HP: 10/10 MP: 2/2
   106 | D:1      | Reached skill level 6 in Stealth
   509 | D:1      | Reached XP level 2. HP: 14/14 MP: 3/3
  1330 | D:2      | Reached XP level 3. HP: 18/18 MP: 4/4
  1437 | D:2      | Reached skill level 7 in Stealth
  2089 | D:3      | Noticed Sigmund
  2161 | D:3      | Killed from afar by Sigmund

Skill      XL: |  1  2  3 |
---------------+----------+-----
Stealth        | 6 7 |  7.1
Dodging        | 2 |  2.3
Fighting       | |  1.8
Short Blades   | |  2.3
Throwing       | |  2.6

Action                   || total
-------------------------++-------
Melee: Dagger            ||    95
 Fire: Blowgun           ||    34
 Stab: Sleeping          ||     7
Armor: Robe              ||    10
Dodge: Dodged            ||   109
